 Dungeon Crawl Stone Soup version 0.20.1-1-g8b1a95d (console) character file.

126 hilaritas the Digger (level 4, 0/24 HPs)
             Began as a Deep Elf Earth Elementalist on Sept 2, 2017.
             Killed by divine providence
             ... invoked by an orc priest
              (14 damage)
             ... on level 3 of the Dungeon.
             The game lasted 00:05:02 (2516 turns).

hilaritas the Digger (Deep Elf Earth Elementalist)  Turns: 2516, Time: 00:05:03

Health: 0/24       AC:  4    Str:  6    XL:     4   Next: 84%
Magic:  0/10       EV: 13    Int: 20    God:
Gold:   140        SH:  0    Dex: 15    Spells: 5/9 levels left

rFire    . . .     SeeInvis .   j - +0 dagger
rCold    . . .     Gourm    .   (no shield)
rNeg     . . .     Faith    .   c - +0 robe
rPois    .         Spirit   .   a - +0 helmet
rElec    .         Reflect  .   (no cloak)
rCorr    .         Harm     .   v - +0 pair of gloves
MR       .....                  (no boots)
Stlth    ++........             (no amulet)
Regen    0.1/turn               (no ring)
MPRegen  0.2/turn               (no ring)

@: no status effects
A: no striking features
a: no special abilities


You were on level 3 of the Dungeon.
You were hungry.

You visited 1 branch of the dungeon, and saw 3 of its levels.

You collected 140 gold pieces.

Inventory:

Hand Weapons
 j - a +0 dagger (weapon)
Missiles
 b - 70 stones (quivered)
 l - 84 arrows
Armour
 a - a +0 helmet (worn)
 c - a +0 robe (worn)
 v - a +0 pair of gloves (worn)
Jewellery
 i - a +3 ring of protection {unknown}
Scrolls
 f - a scroll of fear {unknown}
 h - a scroll of blinking {unknown}
 m - 2 scrolls of remove curse {unknown}
 n - 5 scrolls of identify {unknown}
 o - 5 scrolls of teleportation {unknown}
 r - a scroll of enchant weapon {unknown}
 t - a scroll of recharging {unknown}
 y - a scroll of amnesia {unknown}
 A - a scroll of magic mapping {unknown}
Potions
 k - a potion of berserk rage {unknown}
 p - a potion of heal wounds {unknown}
 s - a potion of degeneration {unknown}
 u - 2 potions of magic {unknown}
 w - a potion of haste {unknown}
 x - a potion of might {unknown}
 z - a potion of mutation {unknown}
Books
 e - a book of Geomancy

   Spells                             Type                      Level
   a - Sandblast                      Earth                        1
   b - Passwall                       Transmutation/Earth          2
   c - Stone Arrow                    Conjuration/Earth            3
   d - Petrify                        Transmutation/Earth          4
   e - Lee's Rapid Deconstruction     Earth                        5
Comestibles
 d - a bread ration
 g - a meat ration
 q - a royal jelly
 B - 3 chunks of flesh


   Skills:
 - Level 2.4 Dodging
 - Level 2.4 Stealth
 - Level 3.0 Spellcasting
 * Level 1.9 Conjurations
   Level 1.1 Transmutations
 + Level 5.7 Earth Magic


You had 5 spell levels left.
You knew the following spells:

 Your Spells              Type           Power        Failure   Level  Hunger
a - Sandblast             Erth           ####..       1%          1    None
b - Stone Arrow           Conj/Erth      ###...       9%          3    ###....


Dungeon Overview and Level Annotations

Branches:
Dungeon (3/15)

Altars:
Zin


Message History

The orc priest hits you but does no damage.
You closely miss the orc priest.
The orc priest is severely wounded.
The orc priest hits you. The orc barely misses you.
You hit the orc priest.
The orc priest is almost dead.
The orc priest miscasts a cantrip.
You closely miss the orc priest.
The orc priest is almost dead.
The orc barely misses you. The orc priest hits you.
You hit the orc priest.
The orc priest is almost dead.
The orc hits you with a hand axe. The orc priest completely misses you.
You hit the orc priest but do no damage.
The orc priest is almost dead.
The orc hits you but does no damage.
The orc priest invokes the aid of Beogh against you.
Beogh smites you!
Ouch! That really hurt!
You die...

##.##.###.# ...... ..####
...... ...... #.##.# #...
#.##.###.#######
.#.#######.##............
.'..oo.....)..)..$.......
.#.#######o######.######
#...@o.# #.# #..%...# #.#
#......# #.########
#......# #.........
#......#####'########
##......#...<...# #
#(.....#.......#.. #
#..............#.. #
............#.# #


You could see an orc priest and an orc.

Vanquished Creatures
  4 adders
  2 oozes (D:1)
  6 worms (D:2)
  A dart slug (D:1)
  4 leopard geckos
  6 orcs (D:3)
  7 bats
  4 hobgoblins
  6 jackals (D:1)
  A quokka (D:2)
  A ball python (D:1)
  2 frilled lizards
  5 goblins
  6 kobolds
55 creatures vanquished.

Notes
Turn   | Place    | Note
-------+----------+-------------------------------------------
     0 | D:1      | hilaritas the Deep Elf Earth Elementalist began the quest for the Orb.
     0 | D:1      | Reached XP level 1. HP: 10/10 MP: 6/6
   252 | D:1      | Reached XP level 2. HP: 15/15 MP: 5/8
   254 | D:1      | Reached skill level 4 in Earth Magic
   471 | D:1      | Reached XP level 3. HP: 14/19 MP: 0/9
   476 | D:1      | Learned a level 3 spell: Stone Arrow
  1153 | D:2      | Reached skill level 5 in Earth Magic
  1360 | D:2      | Reached XP level 4. HP: 24/24 MP: 4/10
  1443 | D:2      | Reached skill level 1 in Conjurations
  1485 | D:2      | Found a glowing silver altar of Zin.
  2516 | D:3      | Killed from afar by an orc priest

Skill      XL: |  1  2  3  4 |
---------------+-------------+-----
Earth Magic    | 4 5 |  5.7
Conjurations   | 1 |  1.9
Dodging        | |  2.4
Stealth        | |  2.4
Spellcasting   | |  3.0
Transmutations | |  1.1

Action                   |  1- 3 |  4- 6 || total
-------------------------+-------+-------++-------
Melee: Unarmed           |    14 |       ||    14
       Dagger            |     7 |    13 ||    20
 Cast: Sandblast         |    36 |    12 ||    48
       Stone Arrow       |     8 |    21 ||    29
  Eat: Chunk             |     2 |     5 ||     7
Armor: Robe              |     6 |     4 ||    10
Dodge: Dodged            |    19 |    13 ||    32
